 Dungeon Crawl Stone Soup version 0.32-a0-576-g706899e69d (webtiles) character file.

Game seed: 2819252338694529446

4 CougarLife the Digger (level 1, -1/10 HPs)
             Began as a Gargoyle Earth Elementalist on Mar 1, 2024.
             Slain by a gnoll
             ... wielding a +0 flail
              (9 damage)
             ... on level 2 of the Dungeon.
             The game lasted 00:00:07 (97 turns).

CougarLife the Digger (Gargoyle Earth Elementalist)   Turns: 97, Time: 00:00:07

Health: -1/10      AC:  4    Str: 11    XL:     1   Next: 60%
Magic:  0/3        EV: 11    Int: 15    God:
Gold:   9          SH:  0    Dex: 10    Spells: 3/4 levels left

rFire   . . .        (no weapon)
rCold   . . .        (no shield)
rNeg    + . .        a - +0 robe
rPois   ∞            (no helmet)
rElec   +            (no cloak)
rCorr   .            (no gloves)
SInv    .            (no boots)
Will    .....        (no amulet)
Stlth   ++           (no ring)
HPRegen 0.21/turn    (no ring)
MPRegen 0.08/turn

%: no passive effects
@: no status effects
A: sickness immunity, AC +2, negative energy resistance 1, electricity
resistance, torment resistance 1, petrification resistance
a: no special abilities


You were on level 2 of the Dungeon.
You visited 1 branch of the dungeon, and saw 2 of its levels.

You collected 9 gold pieces.

Inventory:

Armour
 a - a +0 robe (worn)
Potions
 b - a potion of magic
 c - a potion of degeneration {unknown}


   Skills:
 - Level 1.5 Dodging
 - Level 2.1 Stealth
 + Level 2.1 Spellcasting
 + Level 1.3 Conjurations
 + Level 3.7 Earth Magic


You had 3 spell levels left.
You knew the following spells:

 Your Spells              Type           Power      Damage    Failure   Level
a - Sandblast             Erth           24%        2d8       4%          1

Your spell library contained the following spells:

 Spells                   Type           Power      Damage    Failure   Level
 Passwall                 Erth           12%        N/A       14%         3
 Stone Arrow              Conj/Erth      18%        3d8       22%         3
 Brom's Barrelling Bould  Conj/Erth      9%         2d3       58%         4
 Petrify                  Alch/Erth      7%         N/A       71%         4


Dungeon Overview and Level Annotations

Branches:
Dungeon (1/15)

Altars:


Innate Abilities, Weirdness & Mutations

You are immune to sickness and miasma.
Your stone body is resilient. (AC +2)
You are immune to poison.
You resist negative energy. (rN+)
You are resistant to electric shocks. (rElec)
You are resistant to unholy torment.
You are immune to petrification.


Message History

An endoplasm comes into view.
You can't see any susceptible monsters within range! (Use Z to cast anyway.)
An endoplasm is nearby!
The blast of sand hits the endoplasm.
The endoplasm is almost dead.
The endoplasm quivers.
An endoplasm is nearby!
Found a stone staircase leading down.
The blast of sand hits the endoplasm.
You kill the endoplasm!
Magic restored.
You now have 9 gold pieces.
There is a stone staircase leading down here.
A giant cockroach comes into view.
You can't see any susceptible monsters within range! (Use Z to cast anyway.)
A giant cockroach is nearby!
You can't see any susceptible monsters within range! (Use Z to cast anyway.)
A giant cockroach is nearby!
The blast of sand hits the giant cockroach.
You kill the giant cockroach!
A gnoll comes into view. It is wielding a +0 flail.
The gnoll shouts!
A gnoll comes into view.
It is wielding a +0 flail and quivering a throwing net.
The blast of sand hits the gnoll.
The gnoll is moderately wounded.
The gnoll shouts!
A gnoll comes into view. It is wielding a +0 whip.
There are monsters nearby!
You barely miss the gnoll.
The gnoll is moderately wounded.
The gnoll closely misses you.
The blast of sand hits the gnoll.
The gnoll is severely wounded.
The gnoll closely misses you. The gnoll hits you with a +0 flail.
There are monsters nearby!
The blast of sand hits the gnoll but does no damage.
The gnoll is severely wounded.
The gnoll hits you with a +0 flail!
Ouch! That really hurt!
You die...

########## ###
#........# #..
#........# #####.#
##........#
#...#.##.##........#
#..ggg.##........#
#.#.#.#@#####........#
................>....#
#...#.#..............#
## #.#..........#####
# #......##..#
##.#.....)##..##
.........#.....#
...#####.......# ..
#........#


You could see 3 gnolls.

Vanquished Creatures
  A bat (D:1)
  An endoplasm (D:2)
  A giant cockroach (D:2)
3 creatures vanquished.

Notes
Turn   | Place    | Note
-------+----------+-------------------------------------------
     0 | D:1      | CougarLife the Gargoyle Earth Elementalist began the quest
                  | for the Orb.
     0 | D:1      | Reached XP level 1. HP: 10/10 MP: 3/3
    33 | D:1      | You fall into a shaft and drop 1 floor!
    97 | D:2      | Slain by a gnoll

Illustrated notes

Levels and vault maps discovered:
D:1:      minmay_arrival_nine_rooms, layout_basic,
          minmay_misc_feat_four_crosses, kennysheep_flooded_box,
          amethyst_killhole
D:2:      layout_basic, kennysheep_pointless_box, uniq_sigmund, uniq_natasha

Action                     || total
---------------------------++-------
  Melee: Unarmed           ||     1
   Cast: Sandblast         ||     7
 Armour: Robe              ||     2
  Dodge: Dodged            ||     2

Table legend: (Time is in decaauts)
 A = Elapsed time spent in this place.
 B = Non-inter-level travel time spent in this place.
 C = Inter-level travel time spent in this place.
 D = Time resting spent in this place.
 E = Time spent auto-exploring this place.
 F = Levels seen in this place.
 G = Mean time per level.
                   A        B        C        D        E       F      G
               +--------+--------+--------+--------+--------+-----+--------+
         Total |     99 |     99 |      0 |      0 |     76 |   2 |   49.5 |
       Dungeon |     99 |     99 |      0 |      0 |     76 |   2 |   49.5 |
               +--------+--------+--------+--------+--------+-----+--------+

Top non-repeatable levels by time:
     D:2: 66 daAuts
     D:1: 33 daAuts
